cohdb
Replays
Latest Replays
All Replays
Popular Replays
Top Player Replays
Match Explorer
How It Works
Community
CoH3 Stats
Reddit
Sign in to upload your games and track your stats! →
Sign in with Steam
Match 42425193
Unlisted
Match 42425193
Overview
Messages
Build Orders
End
Kradschützen Motorcycle Team
Selects Panzerjäger Kommand Battlegroup
Selects Blockade Equipment
Panzergrenadier Squad
250 Light Carrier
Construct Light Support Kompanie
Combat Half-tracks
Panzergrenadier Squad
Fire Support Elements
Vehicle Survival Package
Veteran Squad Leaders
Selects GrB 39 Grenade Launcher Requisition
Selects Tank Busters
Panzerjäger Mechanized Group
Selects Early Warning
Construct Panzerarmee Kommand
Panzer III L Medium Tank
Emergency Repair Kits
Early Warning
Rapid Advance
Panzer III L Medium Tank
Panzergrenadier Squad
Selects Crew Shock Tactics
Selects Butterfly Bomb Drop
Butterfly Bomb Drop
Panzer III L Medium Tank
Butterfly Bomb Drop
十_Fck
ceremoney
Silianu
soiweg
Dahlian
Random_Target
Bish Bash Bosh
Jackson
0
0
Comments
sign in to comment!
No comments posted yet!